[Event "Titled Tuesday Blitz October 11 Early 2022"]
[White "Ozer, Omer Faruk"]
[Black "Drozdowski, Kacper"]
[WhiteFideId "6354564"]
[BlackFideId "1136720"]
[WhiteElo "2260"]
[BlackElo "2485"]
[Result "0-1"]
[Round "02"]
[TimeControl "180+1"]
[Date "2022.10.11"]
[WhiteClock "0:00:04"]
[BlackClock "0:00:13"]

1. e4 c5 2. Nf3 e6 3. d4 cxd4 4. Nxd4 a6 5. Bd3 Nf6 6. O-O d6 7. c4 Nbd7 8. b3 Nc5 9. Re1 Nxd3 10. Qxd3 Be7 11. Bb2 O-O 12. Nc3 Qc7 13. Rac1 b6 14. Re3 Ng4 15. Rg3 Ne5 16. Qd2 Bf6 17. f4 Ng6 18. f5 Ne5 19. Nce2 exf5 20. exf5 Bb7 21. Nf4 Qe7 22. Nh5 Kh8 23. Ne2 Rg8 24. Nef4 Bh4 25. Rh3 Bg5 26. Qf2 Rae8 27. Rd1 Ng4 28. Qg3 Qe3+ 29. Qxe3 Nxe3 30. Rxd6 Nxf5 31. Rxb6 Re7 32. Rf3 Bxf3 33. gxf3 h6 34. Nd5 Re2 35. Bc3 Rxa2 36. f4 Bh4 37. Ng3 Bxg3 38. hxg3 Kh7 39. g4 Nh4 40. g5 hxg5 41. fxg5 Nf3+ 42. Kf1 Nxg5 43. c5 Rd8 44. Rd6 Rxd6 45. cxd6 Ne6 46. d7 Rc2 47. Ke1 f6 48. Kd1 Rh2 49. Bd2 Rh5 50. Nf4 Rh1+ 51. Kc2 Nd8 52. Kd3 Rb1 53. Bc3 Rd1+ 54. Bd2 g5 55. Nd5 Kg6 56. Ke2 Rh1 57. Bc3 Rh7 58. Bxf6 Rxd7 59. Bxd8 Rxd5 0-1


[Site "https://www.chess.com"]

[Event "Titled Tuesday Blitz October 11 Early 2022"]
[White "Pakleza, Zbigniew"]
[Black "Gabdrakhmanov, Azat"]
[WhiteFideId "1119290"]
[BlackFideId "34189197"]
[WhiteElo "2411"]
[BlackElo "2233"]
[Result "1/2-1/2"]
[Round "02"]
[TimeControl "180+1"]
[Date "2022.10.12"]
[WhiteClock "0:00:07"]
[BlackClock "0:00:07"]

1. d4 Nf6 2. Nf3 g6 3. Bf4 Bg7 4. e3 O-O 5. Be2 d6 6. h3 Nbd7 7. O-O c5 8. c3 b6 9. Nbd2 Bb7 10. a4 Ne4 11. Nxe4 Bxe4 12. a5 bxa5 13. Qa4 cxd4 14. exd4 Rb8 15. Bc1 e5 16. Rd1 exd4 17. cxd4 Rb4 18. Qxa5 Bxf3 19. Bxf3 Rxd4 20. Qxa7 Rxd1+ 21. Bxd1 Nc5 22. Qa3 Bd4 23. Be3 Qf6 24. Rb1 Rb8 25. b4 Ne4 26. Bf3 Nc3 27. Re1 d5 28. Qb3 Bxe3 29. Rxe3 Ne4 30. Qxd5 Ng5 31. b5 Rd8 32. Qe5 Nxf3+ 33. gxf3 Qxe5 34. Rxe5 Rd1+ 35. Kg2 Rb1 36. f4 f6 37. Rc5 Rb3 38. f5 Kf7 39. fxg6+ hxg6 40. f3 g5 41. Kg3 Ke6 42. Kg4 Rb4+ 43. Kg3 Rb2 44. Rc6+ Kf5 45. b6 Ke5 46. Kg4 Rb4+ 47. Kg3 Kf5 48. Rd6 Ke5 49. Rc6 f5 50. Kf2 Kd5 51. Rg6 Rb2+ 52. Kg3 Ke5 53. Rxg5 Rxb6 54. f4+ Kf6 55. Rh5 Rb3+ 56. Kh4 Rf3 57. Rh6+ Kg7 58. Rd6 Rxf4+ 59. Kg5 Rf1 60. Rd7+ Kh8 61. Kh6 Rg1 62. h4 f4 63. Rf7 f3 64. Rf8+ Rg8 65. Rxf3 Rg7 66. Rf8+ Rg8 67. Rf7 Ra8 68. Rf6 Kg8 69. h5 Ra7 70. Rg6+ Kh8 71. Rd6 Rh7+ 72. Kg6 Rg7+ 73. Kf6 Kh7 74. Rd5 Rg8 75. Rd7+ Kh6 76. Kf7 Rg5 77. Rd6+ Kxh5 78. Rf6 Kg4 79. Ke6 Kh5 80. Rf5 Rxf5 81. Kxf5 1/2-1/2


[Site "https://www.chess.com"]

[Event "Titled Tuesday Blitz October 11 Early 2022"]
[White "Pappelis, Dimitrios"]
[Black "Tania, Sachdev"]
[WhiteFideId "4215281"]
[BlackFideId "5007844"]
[WhiteElo "2104"]
[BlackElo "2306"]
[Result "1/2-1/2"]
[Round "02"]
[TimeControl "180+1"]
[Date "2022.10.12"]
[WhiteClock "0:00:06"]
[BlackClock "0:00:42"]

1. e4 e5 2. Nf3 Nc6 3. Bc4 Nf6 4. d4 exd4 5. O-O Be7 6. e5 Ne4 7. Bd5 Nc5 8. Bf4 Ne6 9. Bg3 O-O 10. Nbd2 d6 11. exd6 Bxd6 12. Bxc6 bxc6 13. Nc4 Bxg3 14. hxg3 Ba6 15. b3 Qd5 16. Re1 Bxc4 17. Re5 Qd6 18. bxc4 Rad8 19. Rb1 Qa3 20. Qd3 Qxa2 21. Ree1 Qa5 22. Ra1 Qb6 23. Qf5 h6 24. Reb1 Qc5 25. Qxc5 Nxc5 26. Rxa7 Rb8 27. Rxb8 Rxb8 28. Rxc7 Ne4 29. Nxd4 Rb1+ 30. Kh2 Nxf2 31. g4 c5 32. Rc8+ Kh7 33. Nf3 g5 34. g3 Nxg4+ 35. Kg2 Ne3+ 36. Kf2 Ng4+ 37. Ke2 Rc1 38. Rxc5 Rxc2+ 39. Kd3 Rg2 40. Rc7 Rxg3 41. Ke4 Nf2+ 42. Ke3 Nd1+ 43. Ke2 Nc3+ 44. Ke3 Kg7 45. Rc6 g4 46. Kd4 Rxf3 47. Rc7 Ne2+ 48. Ke4 g3 49. Kxf3 Nd4+ 50. Kxg3 Ne6 51. Rc8 Kf6 52. Kh2 Ke5 53. c5 Kd5 54. c6 Kd6 55. Rh8 Kxc6 56. Rxh6 Kd6 57. Kg3 Ke5 58. Rh1 f5 59. Re1+ Kf6 60. Rxe6+ Kxe6 61. Kf4 Kf6 62. Kf3 Kg5 63. Kg3 f4+ 64. Kf3 Kf5 65. Kf2 Ke5 66. Kf3 Kf5 67. Kf2 Ke4 68. Ke2 Ke5 69. Kf3 Kf5 1/2-1/2


[Site "https://www.chess.com"]

[Event "Titled Tuesday Blitz October 11 Early 2022"]
[White "Pesotskiy, Mikhail"]
[Black "Mesa Cruz, Juan Carlos"]
[WhiteFideId "34164453"]
[BlackFideId "6423400"]
[WhiteElo "2053"]
[BlackElo "2059"]
[Result "1-0"]
[Round "02"]
[TimeControl "180+1"]
[Date "2022.10.12"]
[WhiteClock "0:00:24"]
[BlackClock "0:00:01"]

1. d4 Nf6 2. c4 e6 3. Nc3 Bb4 4. Qc2 O-O 5. a3 Bxc3+ 6. Qxc3 b6 7. Bg5 Bb7 8. f3 h6 9. Bh4 d5 10. e3 Nbd7 11. cxd5 Nxd5 12. Bxd8 Nxc3 13. Bxc7 Nd5 14. Bd6 Nxe3 15. Bxf8 Nc2+ 16. Kd2 Nxa1 17. Bb4 Nf6 18. Bc4 Bd5 19. Bxd5 Nxd5 20. Ne2 a5 21. Bd6 Nb3+ 22. Kc2 a4 23. Kd3 Rc8 24. Nc3 Nxc3 25. bxc3 b5 26. g4 f6 27. h4 Rc6 28. Bf4 Kf7 29. g5 h5 30. gxf6 gxf6 31. Rg1 Rc8 32. Bh6 Rg8 33. Rxg8 Kxg8 34. c4 b4 35. c5 bxa3 36. c6 a2 37. c7 Kh7 38. c8=Q a1=Q 39. Be3 Qd1+ 40. Ke4 f5+ 41. Ke5 1-0


[Site "https://www.chess.com"]

[Event "Titled Tuesday Blitz October 11 Early 2022"]
[White "Podetti, Davide"]
[Black "Matinian, Nikita"]
[WhiteFideId "893617"]
[BlackFideId "24129100"]
[WhiteElo "2160"]
[BlackElo "2422"]
[Result "0-1"]
[Round "02"]
[TimeControl "180+1"]
[Date "2022.10.12"]
[WhiteClock "0:00:11"]
[BlackClock "0:00:12"]

1. e4 c5 2. Nf3 d6 3. Bb5+ Nd7 4. d4 cxd4 5. Qxd4 a6 6. Bxd7+ Bxd7 7. c4 Nf6 8. Bg5 h6 9. Bh4 g5 10. Bg3 Bg7 11. Qd3 Rc8 12. O-O b5 13. Nbd2 Nh5 14. Nd4 Nxg3 15. hxg3 Qb6 16. Nf5 Bxb2 17. Rab1 Bf6 18. Rfe1 Rc5 19. Ne3 Be6 20. Nd5 Bxd5 21. exd5 Be5 22. Ne4 Rc7 23. cxb5 axb5 24. Rxb5 Qa7 25. Reb1 O-O 26. Qf3 Kg7 27. Qh5 Qxa2 28. Nxg5 Qc2 29. Rb8 Rcc8 30. R8b7 hxg5 31. Qxg5+ Qg6 32. Qxe7 Bd4 33. R7b4 Be5 34. Qd7 Rfd8 35. Qa4 Kf8 36. Re1 Qc2 37. Qa3 Qd2 38. Rf1 Rc2 39. Rb3 Rc3 40. Rxc3 Qxc3 41. Qa4 Qc5 42. Qg4 Qxd5 43. Re1 Qe6 44. Qh4 Qf6 45. Qg4 Bd4 46. Re2 Re8 47. Rxe8+ Kxe8 48. Qc8+ Qd8 49. Qc6+ Kf8 50. Qd5 Bc5 51. Qh5 Qf6 52. Qe2 Bd4 53. g4 d5 54. g3 Kg7 55. Kg2 Qe5 56. Qd3 Qe4+ 57. Qxe4 dxe4 58. Kf1 Kf6 59. Ke2 Ke5 60. f3 e3 61. Kd3 Bb6 62. g5 Kf5 63. f4 Kg4 64. Ke2 Kxg3 65. f5 Kf4 66. g6 fxg6 67. fxg6 Bd4 68. Kd3 Bg7 69. Ke2 Ke4 70. Ke1 Kf3 71. Kf1 e2+ 72. Kg1 e1=Q+ 0-1


[Site "https://www.chess.com"]

[Event "Titled Tuesday Blitz October 11 Early 2022"]
[White "Polanco Nunez, Yoel Estarling"]
[Black "Obrien, Matthew"]
[WhiteFideId "6401783"]
[BlackFideId "2059150"]
[WhiteElo "2132"]
[BlackElo "2539"]
[Result "0-1"]
[Round "02"]
[TimeControl "180+1"]
[Date "2022.10.12"]
[WhiteClock "0:01:10"]
[BlackClock "0:00:09"]

1. Nf3 Nf6 2. g3 g6 3. Bg2 Bg7 4. d4 O-O 5. O-O d6 6. Nc3 a6 7. a4 Nc6 8. e4 Re8 9. h3 Bd7 10. Re1 e5 11. dxe5 Nxe5 12. Nxe5 dxe5 13. Be3 Bc6 14. Qe2 Qe7 15. Qc4 Rad8 16. Bc5 Qe6 17. Qxe6 fxe6 18. a5 Rd2 19. Rac1 Bh6 20. Be3 Bxe3 21. Rxe3 Red8 22. Bf1 Ne8 23. Bd3 Nf6 24. Nb1 R8xd3 25. Rxd3 Re2 26. f3 Nh5 27. Rd2 Nxg3 28. Rcd1 Kg7 29. Rxe2 Nxe2+ 30. Kf2 Nf4 31. Kg3 Ne2+ 32. Kh2 Nd4 33. c3 Nxf3+ 34. Kg3 Bxe4 35. Nd2 Nxd2 36. Rxd2 Bc6 37. Rd8 e4 38. Kf4 Kf6 39. Rf8+ Ke7 40. Rh8 h5 41. Rh7+ Kf6 42. h4 e5+ 43. Ke3 Kf5 44. Rxc7 g5 45. hxg5 Kxg5 46. b4 h4 47. Rg7+ Kf5 48. c4 h3 49. Rg8 Bd7 50. Rg7 Bc6 51. b5 axb5 52. cxb5 Bxb5 53. Rxb7 Bf1 54. Rh7 Kg4 55. Kxe4 Kg3 56. Kxe5 h2 57. Kd6 Bg2 58. Rg7+ Kf2 59. Rf7+ Kg3 60. Rh7 Bh3 61. Rg7+ Bg4 62. Rh7 Bh3 63. Rg7+ Kf2 64. Rf7+ Kg1 65. Re7 h1=Q 66. Re1+ Bf1 67. Kc5 Qh5+ 68. Kd4 Qxa5 69. Re5 Qa1+ 70. Kd5 Bg2+ 71. Kd6 Qd4+ 72. Ke6 Bh3+ 73. Kf6 Qf4+ 0-1


[Site "https://www.chess.com"]

[Event "Titled Tuesday Blitz October 11 Early 2022"]
[White "Poltorak, Sebastian"]
[Black "Kaganskiy, Gleb"]
[WhiteFideId "1199498"]
[BlackFideId "4132025"]
[WhiteElo "2232"]
[BlackElo "2165"]
[Result "1-0"]
[Round "02"]
[TimeControl "180+1"]
[Date "2022.10.12"]
[WhiteClock "0:02:18"]
[BlackClock "0:01:30"]

1. d4 d5 2. c4 e6 3. Nc3 c5 4. cxd5 exd5 5. Nf3 Nc6 6. g3 Nf6 7. Bg2 Be7 8. O-O O-O 9. Bf4 c4 10. Ne5 Be6 11. Nxc6 bxc6 12. b3 Qa5 13. Qc2 Bb4 14. Bd2 Rfe8 15. bxc4 dxc4 16. Bxc6 Rac8 17. Bxe8 Rxe8 18. a3 Bxc3 19. Bxc3 Qd5 20. f3 Bf5 21. e4 Nxe4 22. fxe4 Bxe4 23. Qf2 Bg6 24. Rfe1 Rd8 25. Re5 Qd7 26. Rae1 h6 27. d5 Qh3 28. Qd4 Bd3 29. Re8+ Rxe8 30. Qxg7# 1-0


[Site "https://www.chess.com"]

[Event "Titled Tuesday Blitz October 11 Early 2022"]
[White "Pourkashiyan, Atousa"]
[Black "Goryachkina, Aleksandra"]
[WhiteFideId "12502014"]
[BlackFideId "4147103"]
[WhiteElo "2247"]
[BlackElo "2484"]
[Result "0-1"]
[Round "02"]
[TimeControl "180+1"]
[Date "2022.10.12"]
[WhiteClock "0:00:03"]
[BlackClock "0:00:26"]

1. e4 c6 2. d4 d5 3. Nc3 dxe4 4. Nxe4 Nf6 5. Nxf6+ exf6 6. c3 Bf5 7. Bd3 Bxd3 8. Qxd3 Bd6 9. Ne2 O-O 10. O-O Qc7 11. h3 Nd7 12. Qf3 Rfe8 13. Bf4 Rad8 14. Bxd6 Qxd6 15. Ng3 g6 16. Rfe1 f5 17. h4 h5 18. Re2 Rxe2 19. Qxe2 Nf6 20. Re1 Re8 21. Qd2 Rxe1+ 22. Qxe1 Qf4 23. Qe3 Qxh4 24. Qe7 Qg5 25. Qxb7 h4 26. Nf1 Ne4 27. Qb8+ Kg7 28. Qe5+ Kh7 29. f3 Ng3 30. a4 Qc1 0-1


[Site "https://www.chess.com"]

[Event "Titled Tuesday Blitz October 11 Early 2022"]
[White "Przybylski, Wojciech"]
[Black "Torres Boch, Jose Francisco"]
[WhiteFideId "1117599"]
[BlackFideId "2278383"]
[WhiteElo "2221"]
[BlackElo "2073"]
[Result "0-1"]
[Round "02"]
[TimeControl "180+1"]
[Date "2022.10.12"]
[WhiteClock "0:00:01"]
[BlackClock "0:00:43"]

1. e4 e5 2. Nf3 Nc6 3. d4 exd4 4. Nxd4 Nf6 5. Nxc6 bxc6 6. e5 Qe7 7. Qe2 Nd5 8. c4 Nb6 9. Nc3 Bb7 10. Bf4 Qe6 11. O-O-O a5 12. Qe4 Ba6 13. Nd5 cxd5 14. cxd5 Qg6 15. Qf3 Bxf1 16. Rhxf1 Bc5 17. h4 h5 18. Qc3 d6 19. exd6 cxd6 20. Rfe1+ Kf8 21. Qf3 Rc8 22. Re4 Kg8 23. Qd3 Kh7 24. g4 Bxf2+ 25. Kb1 Rhe8 26. Rxe8 Qxd3+ 27. Rxd3 Rxe8 28. Bxd6 hxg4 29. Bc7 Rc8 30. d6 Nd7 31. Bxa5 g3 32. Rd2 g2 33. a3 g1=Q+ 34. Ka2 Be3 35. Rd3 Bc5 36. Bc3 Qg6 37. Rd2 Bxd6 38. Re2 Rxc3 0-1


[Site "https://www.chess.com"]

[Event "Titled Tuesday Blitz October 11 Early 2022"]
[White "Rangel, Daniel"]
[Black "Indjic, Aleksandar"]
[WhiteFideId "2124475"]
[BlackFideId "911925"]
[WhiteElo "2225"]
[BlackElo "2592"]
[Result "0-1"]
[Round "02"]
[TimeControl "180+1"]
[Date "2022.10.12"]
[WhiteClock "0:00:29"]
[BlackClock "0:00:33"]

1. c4 e5 2. g3 h5 3. Bg2 h4 4. Nc3 Nc6 5. e3 Bb4 6. Nge2 h3 7. Be4 Nf6 8. Bc2 d5 9. cxd5 Nxd5 10. O-O Be6 11. a3 Bxc3 12. bxc3 f5 13. d4 Nb6 14. dxe5 Nxe5 15. Nd4 Qf6 16. Nxe6 Qxe6 17. e4 Qc6 18. Bf4 Nbc4 19. Qd5 Qxd5 20. exd5 Nf3+ 21. Kh1 g5 22. Bxc7 Kd7 23. d6 Nxd6 24. Bxd6 Kxd6 25. Bxf5 Raf8 26. Be4 Kc7 27. Bxf3 Rxf3 28. Rac1 Rd8 29. Rc2 Rdd3 30. Rfc1 Kc6 31. Kg1 Kc5 32. Kf1 b6 33. Ke2 g4 34. a4 Rd7 35. Rd2 Rxf2+ 36. Kxf2 Rxd2+ 37. Kg1 Kc4 38. Rf1 Rg2+ 39. Kh1 Ra2 40. Rc1 Rxa4 41. Rf1 Kxc3 42. Rg1 Kb2 43. Rd1 Ra1 44. Rxa1 Kxa1 0-1


[Site "https://www.chess.com"]

[Event "Titled Tuesday Blitz October 11 Early 2022"]
[White "Remizov, Yaroslav"]
[Black "Terzi, Alexei"]
[WhiteFideId "34134015"]
[BlackFideId "13505076"]
[WhiteElo "2417"]
[BlackElo "2172"]
[Result "0-1"]
[Round "02"]
[TimeControl "180+1"]
[Date "2022.10.11"]
[WhiteClock "0:00:04"]
[BlackClock "0:00:15"]

1. e4 c5 2. Nc3 Nc6 3. Bb5 Nd4 4. Bc4 e6 5. Nf3 Nc6 6. O-O d6 7. d4 cxd4 8. Nxd4 Ne5 9. Bb3 Nf6 10. f4 Ned7 11. Be3 Nc5 12. e5 dxe5 13. fxe5 Nfd7 14. Qh5 g6 15. Qf3 Nxe5 16. Qf4 Bg7 17. Nf5 gxf5 18. Bxc5 Nc6 19. Nb5 Be5 20. Qh6 a6 21. Rad1 Qa5 22. Nd6+ Bxd6 23. Bxd6 Bd7 24. Qf6 Rg8 25. Kh1 Qd8 26. Qh6 Qg5 27. Qh3 O-O-O 28. Bf4 Qg4 29. Qxg4 Rxg4 30. h3 Rg6 31. c3 Rdg8 32. Rd2 Na5 33. Rfd1 Bc6 34. Rg1 Nxb3 35. axb3 h5 36. Kh2 h4 37. Be5 Be4 38. Bf4 f6 39. Bd6 e5 40. Be7 f4 41. Rf2 f5 42. Bxh4 b5 43. c4 Kb7 44. cxb5 axb5 45. Rd2 Bc6 46. Re2 e4 47. Rf2 f3 48. Rc2 e3 49. g4 f2 50. Rf1 fxg4 51. Bg3 gxh3 52. Re2 Rxg3 53. Rxe3 Rg2+ 54. Kxh3 Rh8# 0-1


[Site "https://www.chess.com"]

[Event "Titled Tuesday Blitz October 11 Early 2022"]
[White "Reprintsev, Alexander"]
[Black "Acosta Cruz, Oscar Yosimar"]
[WhiteFideId "14100541"]
[BlackFideId "5111269"]
[WhiteElo "2230"]
[BlackElo "2147"]
[Result "1-0"]
[Round "02"]
[TimeControl "180+1"]
[Date "2022.10.12"]
[WhiteClock "0:02:17"]
[BlackClock "0:02:13"]

1. e4 e5 2. Nf3 Nf6 3. Bc4 Nxe4 4. Nc3 Nd6 5. Bb3 Nc6 6. Qe2 Be7 7. Nxe5 Nxe5 8. Qxe5 O-O 9. d4 Bf6 10. Qf4 Re8+ 11. Be3 Ne4 12. Nxe4 Bxd4 1-0


[Site "https://www.chess.com"]

[Event "Titled Tuesday Blitz October 11 Early 2022"]
[White "Rose, Felix"]
[Black "Garv Gaur"]
[WhiteFideId "5105722"]
[BlackFideId "45030839"]
[WhiteElo "2039"]
[BlackElo "1960"]
[Result "0-1"]
[Round "02"]
[TimeControl "180+1"]
[Date "2022.10.12"]
[WhiteClock "0:01:13"]
[BlackClock "0:00:45"]

1. e4 c6 2. d4 d5 3. e5 Bf5 4. h4 h5 5. Bd3 Bxd3 6. Qxd3 e6 7. Bg5 Be7 8. Nf3 Nh6 9. Nc3 Nd7 10. Ne2 Nf5 11. Ng3 Nxg3 12. fxg3 c5 13. dxc5 Nxc5 14. Qb5+ Qd7 15. Qxd7+ Kxd7 16. O-O Rhf8 17. c3 Rac8 18. Rad1 Ne4 19. Bxe7 Kxe7 20. Kh2 g6 21. Rd4 Rc5 22. Ng5 Nxg5 23. hxg5 Rc4 24. Rff4 Rxd4 25. Rxd4 Rc8 26. g4 hxg4 27. Rxg4 Rc4 28. Kg3 Rxg4+ 29. Kxg4 Kd7 30. Kf4 Kc6 31. Ke3 Kc5 32. Kd3 a5 33. a4 b5 34. b3 b4 35. g3 bxc3 36. Kxc3 d4+ 37. Kd3 Kb4 38. Kxd4 Kxb3 39. Kc5 Kxa4 40. Kd6 Kb3 41. Ke7 a4 42. Kxf7 a3 43. Kxg6 a2 44. Kf6 a1=Q 45. g6 Qf1+ 46. Ke7 Qf3 47. g7 Qxg3 48. Kf8 Qf4+ 49. Ke8 Qg5 50. Kf8 Qxe5 51. g8=Q Qb8+ 52. Kf7 Qxg8+ 53. Kxg8 e5 0-1


[Site "https://www.chess.com"]

[Event "Titled Tuesday Blitz October 11 Early 2022"]
[White "Rosen, Eric"]
[Black "Azarov, Sergei"]
[WhiteFideId "2032562"]
[BlackFideId "13501470"]
[WhiteElo "2362"]
[BlackElo "2494"]
[Result "1/2-1/2"]
[Round "02"]
[TimeControl "180+1"]
[Date "2022.10.12"]
[WhiteClock "0:00:07"]
[BlackClock "0:00:21"]

1. d4 Nf6 2. Bf4 e6 3. e3 d5 4. Nf3 Bd6 5. Ne5 O-O 6. Nd2 b6 7. h4 Ba6 8. Bxa6 Nxa6 9. h5 c5 10. c3 Nb8 11. Qf3 Bxe5 12. Bxe5 Nbd7 13. h6 g6 14. Bf4 Qe7 15. O-O-O e5 16. Bg5 Qe6 17. Rhe1 Rfe8 18. dxe5 Qxe5 19. Bf4 Qe6 20. Kb1 Ne5 21. Bxe5 Qxe5 22. Qe2 Qf5+ 23. Ka1 Ng4 24. e4 dxe4 25. Nxe4 Rxe4 26. Qxe4 Qxe4 27. Rxe4 Nxf2 28. Ree1 Nxd1 29. Rxd1 Kf8 30. Rd7 Re8 31. a4 a5 32. Rb7 Re6 33. Ka2 g5 34. Rb8+ Ke7 35. Rg8 Rxh6 36. Rxg5 Rg6 37. Rh5 h6 38. Kb3 Kd6 39. Kc4 Kc6 40. g3 Rg4+ 41. Kb3 Rg6 42. Kc4 Rg4+ 43. Kb3 c4+ 44. Ka3 Rg6 45. Rh4 Kc5 46. Rh5+ Kc6 47. Rh4 Rxg3 48. Rxh6+ Kb7 49. Rf6 Rg7 50. Rf4 Rh7 51. Rxc4 f5 52. Rf4 Rf7 53. Kb3 Kc6 54. Kc4 Kd6 55. Kd4 Rf8 56. b4 axb4 57. cxb4 Ke6 58. Kc4 Ke5 59. Rf1 f4 60. Kb5 Rf6 61. a5 bxa5 62. bxa5 f3 63. a6 Kf4 64. a7 Rf8 65. Ka6 Ra8 66. Kb7 Rxa7+ 67. Kxa7 Kg3 68. Kb6 f2 69. Rd1 Kg2 70. Kc5 f1=Q 71. Rxf1 Kxf1 1/2-1/2


[Site "https://www.chess.com"]

[Event "Titled Tuesday Blitz October 11 Early 2022"]
[White "Sai Han Thiha"]
[Black "Yanchenko, Roman"]
[WhiteFideId "13012290"]
[BlackFideId "4137329"]
[WhiteElo "2061"]
[BlackElo "2514"]
[Result "0-1"]
[Round "02"]
[TimeControl "180+1"]
[Date "2022.10.12"]
[WhiteClock "0:00:05"]
[BlackClock "0:00:30"]

1. d4 d5 2. c4 c6 3. cxd5 cxd5 4. Nc3 Nc6 5. Bf4 Nf6 6. e3 a6 7. Nf3 e6 8. Bd3 Bd6 9. Bxd6 Qxd6 10. O-O O-O 11. Rc1 b5 12. Ne2 Bd7 13. Nf4 Rfc8 14. Bb1 g6 15. Nd3 Ne4 16. a3 Na5 17. Nc5 Nf6 18. b3 Be8 19. Qd2 Qd8 20. Rc3 Nd7 21. Nxd7 Bxd7 22. Rfc1 Rxc3 23. Rxc3 f6 24. Ne1 Rc8 25. Nd3 Nb7 26. Qc1 Rxc3 27. Qxc3 Qc8 28. Nc5 Nxc5 29. dxc5 e5 30. b4 Bc6 31. Ba2 Kg7 32. h3 Qf5 33. Qd2 Qd7 34. Bb3 h5 35. Qd3 h4 36. Bc2 Qe8 37. Bb3 Qe6 38. Qd1 Qd7 39. Qd3 d4 40. Bc2 f5 41. exd4 Qxd4 42. Qxd4 exd4 43. Kf1 Kf6 44. f3 Ke5 45. Ke2 Kf4 46. Kf2 Bd5 47. Bd3 g5 48. Bf1 g4 49. fxg4 fxg4 50. hxg4 Kxg4 51. Be2+ Kf4 52. Bf1 Bb7 53. Ke1 Ke3 54. Kd1 d3 55. Ke1 Bd5 56. Kd1 Bb3+ 57. Kc1 d2+ 58. Kb2 d1=Q 0-1


[Site "https://www.chess.com"]

[Event "Titled Tuesday Blitz October 11 Early 2022"]
[White "Sailer, Mike"]
[Black "Namitbir Singh Walia"]
[WhiteFideId "2012901"]
[BlackFideId "35071068"]
[WhiteElo "2109"]
[BlackElo "2239"]
[Result "0-1"]
[Round "02"]
[TimeControl "180+1"]
[Date "2022.10.12"]
[WhiteClock "0:00:05"]
[BlackClock "0:00:10"]

1. d4 Nf6 2. Nc3 d5 3. Bf4 Bf5 4. f3 e6 5. g4 Bg6 6. h4 h6 7. e3 c6 8. Bd3 Bxd3 9. Qxd3 Bd6 10. Nge2 Qc7 11. O-O-O Nbd7 12. g5 Ng8 13. Bxd6 Qxd6 14. g6 f6 15. Nf4 Ne7 16. Nh5 Rg8 17. e4 O-O-O 18. Kb1 Qc7 19. f4 f5 20. e5 Nxg6 21. Rdg1 Ndf8 22. Rg3 Qf7 23. Rhg1 Nxh4 24. Nxg7 Rd7 25. Nxf5 Rxg3 26. Nxg3 Qxf4 27. Nge2 Qf3 28. Qd2 Rf7 29. Qxh6 Nf5 30. Qh8 Ne3 31. a3 Qf5 32. Rc1 Rh7 33. Qg8 Qf7 34. Qg5 Nf5 35. Nf4 Rg7 36. Qf6 Nxd4 37. Qxf7 Rxf7 38. Nh5 Nf5 39. Nf6 Nd7 40. Nxd7 Kxd7 41. Rg1 Rg7 42. Rh1 c5 43. Nb5 a6 44. Nc3 b5 45. Ne2 Ne3 46. Nf4 Ng4 47. Nh5 Rf7 48. Rg1 Nxe5 49. Rg8 Nc6 50. Ra8 b4 51. Rxa6 bxa3 52. bxa3 e5 53. Ng3 e4 54. Ne2 d4 55. Kb2 Kd6 56. Kb3 Kd5 57. a4 Rb7+ 58. Ka3 Nb4 59. Ra8 Nxc2+ 60. Ka2 Nb4+ 61. Ka3 Kc4 62. Nc1 Nc2+ 63. Ka2 d3 64. Nb3 Rxb3 65. a5 Kc3 0-1


[Site "https://www.chess.com"]

[Event "Titled Tuesday Blitz October 11 Early 2022"]
[White "Salman, Pavel"]
[Black "Jean Louis, Marckens"]
[WhiteFideId "24153753"]
[BlackFideId "11900270"]
[WhiteElo "2187"]
[BlackElo "2030"]
[Result "0-1"]
[Round "02"]
[TimeControl "180+1"]
[Date "2022.10.12"]
[WhiteClock "0:00:09"]
[BlackClock "0:00:06"]

1. Nf3 d5 2. g3 Nf6 3. Bg2 e6 4. O-O Be7 5. d3 c5 6. Nbd2 O-O 7. Re1 Nc6 8. e4 b6 9. e5 Nd7 10. Nf1 Bb7 11. Bf4 Rc8 12. h4 b5 13. h5 c4 14. h6 g6 15. d4 c3 16. b3 a5 17. Ne3 a4 18. Ng4 Re8 19. Qc1 Qa5 20. Bg5 Bf8 21. Qf4 Ne7 22. Bxe7 Bxe7 23. Ng5 Rf8 24. Rad1 Qd8 25. Nh3 axb3 26. axb3 Ra8 27. Rd3 b4 28. Rf3 Ra2 29. Re2 Ba6 30. Qe3 Bxe2 31. Qxe2 Qc8 32. Bf1 Qc6 33. Nf4 Qb6 34. Qd3 Rfa8 35. Kg2 Ra1 36. Qe3 Rxf1 37. Kxf1 Ra1+ 38. Kg2 Qa6 39. Nd3 Qa2 40. Ne1 Qb1 41. Kf1 Qd1 42. Qe2 Qxe2+ 43. Kxe2 Bg5 44. Nd3 Bd2 45. Nxb4 Re1+ 46. Kd3 Nb8 47. Nf6+ Kf8 48. Nxh7+ Ke7 49. Ng5 Bxg5 50. h7 Rh1 51. Kxc3 Rxh7 52. Kb2 Rh2 53. c4 dxc4 54. bxc4 Bd2 55. Nd3 Nc6 56. Kc2 Nxd4+ 57. Kxd2 Nxf3+ 58. Ke3 Ng5 59. f4 Rh1 60. fxg5 Ra1 61. c5 Kd7 62. Kd4 Kc6 63. Kc4 Rg1 64. Nb4+ Kc7 65. Kb5 Rxg3 66. Na6+ Kc8 67. Kc6 Rxg5 68. Kd6 Rg1 69. c6 Rd1+ 70. Ke7 g5 71. Nc5 g4 72. Ne4 Re1 73. Ng3 Re3 74. Nh5 g3 75. Nf4 Rf3 76. Ng2 Kc7 77. Nh4 Rf1 78. Kf8 Kxc6 79. Kg7 Kd5 80. Kh6 Rh1 81. Kg5 Rxh4 82. Kxh4 g2 83. Kh3 g1=Q 0-1


[Site "https://www.chess.com"]

[Event "Titled Tuesday Blitz October 11 Early 2022"]
[White "Samant Aditya S"]
[Black "Sowul, Bartosz"]
[WhiteFideId "35080580"]
[BlackFideId "1137590"]
[WhiteElo "2367"]
[BlackElo "2188"]
[Result "1-0"]
[Round "02"]
[TimeControl "180+1"]
[Date "2022.10.12"]
[WhiteClock "0:00:13"]
[BlackClock "0:00:22"]

1. b3 e5 2. Bb2 Nc6 3. e3 Nf6 4. c4 Bd6 5. Nc3 O-O 6. g3 Re8 7. Bg2 e4 8. Nge2 Nb4 9. Nc1 Be5 10. a3 Na6 11. d4 exd3 12. Nxd3 d6 13. O-O c6 14. Re1 Nc5 15. b4 Bg4 16. f3 Nxd3 17. Qxd3 Be6 18. f4 Bxc3 19. Qxc3 d5 20. Rad1 Qe7 21. e4 dxc4 22. f5 Bc8 23. e5 Nd5 24. Bxd5 cxd5 25. e6 fxe6 26. fxe6 Rd8 27. Re5 a5 28. b5 b6 29. h4 Ra7 30. Rg5 Bxe6 31. Re1 d4 32. Qf3 Qf7 33. Qe4 Rf8 34. Qxd4 Qf2+ 35. Qxf2 Rxf2 36. Kxf2 Rf7+ 37. Kg1 Bd7 38. Rge5 h6 39. Re7 Bxb5 40. Rxf7 Kxf7 41. Bd4 Ba4 42. Bxb6 c3 43. Bxa5 c2 44. Bd2 Bb3 45. Bc1 Bc4 46. Kf2 Bd3 47. Ke3 Bf5 48. Kd4 h5 49. Kc5 g6 50. a4 Kf6 51. a5 1-0


[Site "https://www.chess.com"]

[Event "Titled Tuesday Blitz October 11 Early 2022"]
[White "Sanchez, Robert"]
[Black "Mindlin, Alon"]
[WhiteFideId "2034360"]
[BlackFideId "2800071"]
[WhiteElo "2388"]
[BlackElo "2417"]
[Result "1-0"]
[Round "02"]
[TimeControl "180+1"]
[Date "2022.10.12"]
[WhiteClock "0:00:11"]
[BlackClock "0:00:29"]

1. e4 e5 2. Nf3 Nc6 3. Bb5 a6 4. Ba4 Nf6 5. d3 b5 6. Bb3 Be7 7. c3 d6 8. O-O O-O 9. Re1 Na5 10. Bc2 c5 11. h3 Nc6 12. Nbd2 Re8 13. Nf1 Bf8 14. Ng3 g6 15. Bg5 h6 16. Be3 Bg7 17. Qd2 Kh7 18. d4 cxd4 19. cxd4 Bb7 20. d5 Ne7 21. a4 Qd7 22. Qb4 Nexd5 23. exd5 Nxd5 24. Qb3 f5 25. Bd2 e4 26. Nh4 Bf6 27. Nxg6 Kxg6 28. Nxe4 fxe4 29. Bxe4+ Rxe4 30. Rxe4 Qf5 31. Rg4+ Kh7 32. axb5 a5 33. Rc1 Bg7 34. Qg3 Qf6 35. Rc7 Nxc7 36. Bc3 Qxc3 37. bxc3 Ne6 38. Qd3+ Kh8 39. Qxd6 Ng5 40. h4 Nf7 41. Qg6 Rg8 42. Qxf7 Bc8 43. Re4 Rf8 44. Re8 1-0


[Site "https://www.chess.com"]

[Event "Titled Tuesday Blitz October 11 Early 2022"]
[White "Sarana, Alexey"]
[Black "Vachylia, Andrii"]
[WhiteFideId "24133795"]
[BlackFideId "14137224"]
[WhiteElo "2689"]
[BlackElo "2318"]
[Result "1-0"]
[Round "02"]
[TimeControl "180+1"]
[Date "2022.10.11"]
[WhiteClock "0:00:50"]
[BlackClock "0:01:02"]

1. c4 Nf6 2. Nc3 e5 3. Nf3 Nc6 4. g3 d5 5. cxd5 Nxd5 6. Bg2 Nb6 7. O-O Be7 8. d3 O-O 9. a3 a5 10. Be3 Be6 11. Rc1 Qd7 12. Ne4 Nd5 13. Bc5 Rfd8 14. Bxe7 Qxe7 15. Nc5 Bc8 16. Qa4 Nb6 17. Qh4 f6 18. Nd2 Nd4 19. Rfe1 c6 20. e3 Ne6 21. Nde4 Qf7 22. f4 Nd5 23. fxe5 fxe5 24. Nxe6 Bxe6 25. Ng5 Qg6 26. Be4 Bf5 27. Bxf5 Qxf5 28. e4 1-0


[Site "https://www.chess.com"]